 Dungeon Crawl Stone Soup version 0.29-a0-322-g68df515428 (webtiles) character file.

Game seed: 7996581733760831656

2257 dianekeaton the Basher (level 9, 0/63 (74) HPs)
             Began as a Minotaur Berserker on Apr 7, 2022.
             Was an Elder of Trog.
             Slain by a wight
             ... wielding a +0 halberd of venom
              (1 damage)
             ... on level 6 of the Dungeon.
             The game lasted 00:16:46 (7350 turns).

dianekeaton the Basher (Minotaur Berserker)         Turns: 7350, Time: 00:16:50

HP:   0/63 (74)     AC: 11    Str: 30    XL:     9   Next: 15%
MP:   8/8           EV:  9    Int:  4    God:    Trog [****..]
Gold: 206           SH:  3    Dex: 12    Spells: 8/8 levels left

rFire   + + .      SeeInvis .   a - +1 mace
rCold   + . .      Faith    .   k - +0 buckler
rNeg    . . .      Spirit   .   t - +0 chain mail
rPois   +          Reflect  .   (helmet restricted)
rElec   +          Harm     .   (no cloak)
rCorr   +          Rampage  .   (no gloves)
Will    .....                   w - +0 pair of boots
Stlth   ..........              (no amulet)
HPRegen 0.20/turn               g - +6 ring of strength
MPRegen 0.11/turn               i - ring of protection from fire

@: resistant, on berserk cooldown, slowed, heavily drained, very slow
A: horns 2, retaliatory headbutt
a: Renounce Religion, Berserk, Trog's Hand, Brothers in Arms


You were on level 6 of the Dungeon.
You worshipped Trog.
Trog was greatly pleased with you.
You visited 1 branch of the dungeon, and saw 6 of its levels.
You also visited: Sewer.

You collected 206 gold pieces.

Inventory:

Hand Weapons
 a - a +1 mace (weapon)
 j - a +2 whip of flaming
 s - a +2 whip of electrocution
Armour
 k - a +0 buckler (worn)
 t - a +0 chain mail (worn)
 w - a +0 pair of boots (worn)
Jewellery
 g - a +6 ring of strength (left hand)
 h - a ring of positive energy
 i - a ring of protection from fire (right hand)
 m - a ring of poison resistance
Scrolls
 c - a scroll of enchant armour {unknown}
 r - a scroll of brand weapon {unknown}
 u - 3 scrolls of teleportation
Potions
 b - 2 potions of magic
 e - 5 potions of might
 f - 2 potions of attraction {unknown}
 l - 2 potions of curing {unknown}
 p - a potion of berserk rage {unknown}
 q - a potion of mutation {unknown}
 v - 2 potions of haste {unknown}


   Skills:
 * Level 5.5 Fighting
 + Level 13.3 Maces & Flails
 + Level 0.4 Throwing
 + Level 5.4 Armour
 - Level 2.1 Dodging
 - Level 0.1 Stealth
 - Level 0.3 Evocations


You had 8 spell levels left.
You didn't know any spells.
Your spell library was empty.

Dungeon Overview and Level Annotations

Branches:
Dungeon (6/15)              Sewer (visited)
 Temple: D:4-7

Altars:
Sif Muna

Annotations:
D:3 1 runed translucent door, Crazy Yiuf


Innate Abilities, Weirdness & Mutations

You have a pair of horns on your head.
You reflexively headbutt those who attack you in melee.


Message History

You feel sick. The wight hits you but does no damage. The phantom hits you.
The phantom blinks!
You blink.
Found 23 stones and a club.
The phantom hits you but does no damage.
You hit the phantom. Your headbutt misses the phantom.
The phantom is heavily damaged.
You feel the effects of Trog's Hand fading.
You feel sick. The phantom hits you.
The phantom blinks!
You blink.
You completely miss the phantom.
The phantom is heavily damaged.
You feel sick. The phantom closely misses you.
You hit the phantom but do no damage.
The phantom is moderately damaged.
You feel sick.
The wight is no longer covered in acid.
The phantom hits you but does no damage.
The wight closely misses you.
You sock the phantom!
The phantom is almost destroyed.
You feel sick. The wight barely misses you. The phantom hits you.
* * * LOW HITPOINT WARNING * * *
Aiming: Corrosive Bolt
Press: ? - help, Q - select action, (/) - cycle Shift-Dir - straight line, f/p - wight
Aim: a wight, wielding a +0 halberd of venom and wearing a +0 robe (heavily damaged, 71% to hit)
The bolt of acid misses the wight.
The now-empty wand crumbles to dust.
Your skin stops crawling.
You feel less strong-willed.
You feel sick.
You are no longer poisoned.
The wight hits you from afar with a +0 halberd of venom!
* * * LOW HITPOINT WARNING * * *
You feel drained.
* * * LOW HITPOINT WARNING * * *
The phantom hits you but does no damage.
The wight misses you.
The phantom hits you but does no damage.
You closely miss the phantom. You headbutt the phantom.
You destroy the phantom!
Trog accepts your kill.
The wight hits you from afar with a +0 halberd of venom!
* * * LOW HITPOINT WARNING * * *
You feel drained.
You die...

#..##.... ##
#....## ## .
#.##.....# #.#..
##........###......
#...:.†.....#...###
#................(.
###................
##.................
#........@#.##.....
##...†....### ..)..
#.)....z..# ....
#.).......# ...
##....)...# ...
#........#
##.#.....#
###........
.........


You could see a wight.

Vanquished Creatures
  Pikel (D:4)
  Eustachio (D:5)
  An ice beast (D:4)
  2 black bears
  A sky beast (D:6)
  An ogre (D:4)
  A centaur (D:6)
  A phantom (D:6)
  A lemure (D:4)
  A kobold brigand (Sewer)
  4 scorpions
  A necrophage (D:5)
  3 wights (D:6)
  4 hounds
  2 orc priests
  Ijyb (D:2)
  An iguana (D:5)
  3 orc wizards
  Robin (D:3)
  11 adders
  7 river rats (Sewer)
  6 worms
  A dart slug (D:3)
  16 orcs
  13 ball pythons
  8 endoplasms
  5 giant cockroaches
  22 goblins
  10 hobgoblins
  8 jackals
  6 quokkas
  6 bats
  A frilled lizard (D:1)
  16 kobolds
  29 rats
196 creatures vanquished.

Notes
Turn   | Place    | Note
-------+----------+-------------------------------------------
     0 | D:1      | dianekeaton the Minotaur Berserker began the quest for the
                  | Orb.
     0 | D:1      | Reached XP level 1. HP: 19/19 MP: 0/0
   131 | D:1      | Reached skill level 4 in Maces & Flails
   410 | D:1      | Reached XP level 2. HP: 18/26 MP: 1/1
   907 | D:1      | Reached skill level 5 in Maces & Flails
   909 | D:1      | Reached ** piety under Trog
   946 | D:1      | Reached XP level 3. HP: 31/31 MP: 2/2
  2259 | D:3      | Noticed Ijyb
  2273 | D:3      | Reached XP level 4. HP: 38/39 MP: 3/3
  2279 | D:2      | Killed Ijyb
  2280 | D:2      | Reached skill level 6 in Maces & Flails
  2516 | D:3      | Noticed Robin
  2542 | D:3      | Killed Robin
  2641 | D:3      | Reached XP level 5. HP: 45/45 MP: 4/4
  2647 | D:3      | Reached *** piety under Trog
  2683 | D:3      | Reached skill level 7 in Maces & Flails
  2833 | D:3      | Found a shimmering blue altar of Sif Muna.
  2978 | D:3      | Found a runed translucent door.
  2979 | D:3      | Noticed Crazy Yiuf
  3470 | D:4      | Reached skill level 8 in Maces & Flails
  3652 | D:4      | Found a glowing drain.
  3668 | D:4      | Reached XP level 6. HP: 46/51 MP: 5/5
  3670 | Sewer    | Entered a sewer
  3833 | Sewer    | Reached **** piety under Trog
  4099 | Sewer    | Reached skill level 9 in Maces & Flails
  4740 | D:4      | Reached XP level 7. HP: 57/57 MP: 6/6
  4887 | D:4      | Reached skill level 10 in Maces & Flails
  5179 | D:5      | Entered Level 5 of the Dungeon
  5263 | D:4      | Reached ***** piety under Trog
  5403 | D:5      | Reached skill level 11 in Maces & Flails
  5414 | D:5      | Noticed Pikel
  5525 | D:4      | Killed Pikel
  5526 | D:4      | Reached skill level 12 in Maces & Flails
  5526 | D:4      | Reached XP level 8. HP: 44/64 MP: 7/7
  6434 | D:5      | Noticed Eustachio
  6445 | D:5      | Killed Eustachio
  6795 | D:5      | Reached skill level 13 in Maces & Flails
  7199 | D:6      | Reached skill level 5 in Fighting
  7277 | D:6      | Reached XP level 9. HP: 67/74 MP: 8/8
  7322 | D:6      | Reached skill level 5 in Armour
  7350 | D:6      | HP: 1/65 [wight/+0 halberd of venom (7)]
  7350 | D:6      | Slain by a wight

Illustrated notes

Levels and vault maps discovered:
D:1:      dpeg_arrival_morbid_curiosity, layout_basic
D:2:      layout_loops_ring
D:3:      layout_rooms, mainiacjoe_overflow_small_starburst, st_stairs_3,
          uniq_ijyb, uniq_robin, uniq_crazy_yiuf_cottage
D:4:      layout_basic, cheibrodos_sewer_entry_bend
D:5:      layout_basic, uniq_pikel, uniq_eustachio
D:6:      layout_cave_pools

Skill      XL: |  1  2  3  4  5  6  7  8  9 |
---------------+----------------------------+-----
Maces & Flails | 4 5 6 8 9 12 13 | 13.3
Armour         | 4 5 |  5.4
Fighting       | 5 |  5.5
Throwing       | |  0.4
Dodging        | |  2.1
Stealth        | |  0.1
Evocations     | |  0.3

Action                   |  1- 3 |  4- 6 |  7- 9 || total
-------------------------+-------+-------+-------++-------
Melee: Mace              |    92 |   203 |   139 ||   434
       Headbutt          |    16 |    29 |    26 ||    71
Throw: Throwing net      |       |     1 |     1 ||     2
Invok: Trog's Hand       |       |     1 |     1 ||     2
       Berserk           |       |       |     2 ||     2
Evoke: Wand              |       |       |     6 ||     6
  Use: Scroll            |     5 |       |     4 ||     9
       Potion            |       |     2 |     4 ||     6
Armor: Animal skin       |     3 |       |       ||     3
       Ring mail         |    28 |    67 |       ||    95
       Chain mail        |       |    11 |    66 ||    77
Dodge: Dodged            |    74 |   129 |    75 ||   278
Block: Buckler           |     5 |    24 |    19 ||    48

Table legend: (Time is in decaauts)
 A = Elapsed time spent in this place.
 B = Non-inter-level travel time spent in this place.
 C = Inter-level travel time spent in this place.
 D = Time resting spent in this place.
 E = Time spent auto-exploring this place.
 F = Levels seen in this place.
 G = Mean time per level.
                   A        B        C        D        E       F      G
               +--------+--------+--------+--------+--------+-----+--------+
         Total |   7393 |   7163 |    230 |   1285 |   4010 |   7 | 1056.1 |
       Dungeon |   6467 |   6237 |    230 |   1078 |   4010 |   6 | 1077.8 |
         Sewer |    925 |    925 |      0 |    207 |      0 |   1 |  925.0 |
               +--------+--------+--------+--------+--------+-----+--------+

Top non-repeatable levels by time:
     D:5: 1627 daAuts
     D:1: 1533 daAuts
     D:4: 1138 daAuts
     D:3: 960 daAuts
   Sewer: 925 daAuts
     D:2: 905 daAuts
     D:6: 302 daAuts
